 Dungeon Crawl Stone Soup version 0.31-a0-765-g67fe2935dc (webtiles) character file.

Game seed: 17059666955098722287

44 cforsyth the Sneak (level 3, -1/31 HPs)
             Began as a Djinni Delver on Sept 15, 2023.
             Slain by an ufetubus (2 damage)
             ... on level 5 of the Dungeon.
             The game lasted 00:00:42 (228 turns).

cforsyth the Sneak (Djinni Delver)                   Turns: 228, Time: 00:00:43

Health: -1/31      AC:  5    Str: 11    XL:     3   Next: 85%
Gold:   53         EV: 10    Int: 13    God:
                   SH:  0    Dex: 14

rFire   + + .        a - +0 falchion
rCold   . . .        (no shield)
rNeg    . . .        j - +0 ring mail {rC+}
rPois   ∞            (no helmet)
rElec   .            (no cloak)
rCorr   .            (no gloves)
SInv    .            (boots unavailable)
Will    .....        (no amulet)
Stlth   ++           (no ring)
HPRegen 0.25/turn    (no ring)
MPRegen 0.00/turn

%: infuse magic (-2 HP)
@: flying, very slightly contaminated
A: sickness immunity, fire resistance 2, cold vulnerability 1, float, innate
caster, HP casting, extra vitality 1
a: no special abilities


You were on level 5 of the Dungeon.
You visited 1 branch of the dungeon, and saw 1 of its levels.

You collected 53 gold pieces.

Inventory:

Hand Weapons
 a - a +0 falchion (weapon)
Armour
 b - a +0 leather armour
 j - a +0 ring mail of cold resistance (worn)
Wands
 g - a wand of digging (3)
Scrolls
 c - a scroll of fog
 d - a scroll of revelation
 e - a scroll of fear
 h - a scroll of vulnerability {unknown}
 k - 2 scrolls of enchant armour {unknown}
Potions
 f - a potion of haste
 i - a potion of degeneration {unknown}


   Skills:
 + Level 3.7 Fighting
 - Level 1.7 Long Blades
 - Level 2.1 Dodging
 - Level 4.1 Stealth
 + Level 1.4 Spellcasting
 + Level 1.4 Conjurations
 + Level 1.4 Hexes
   Level 0.0 Charms
 + Level 1.4 Summonings
 + Level 1.4 Necromancy
 + Level 1.4 Translocations
 + Level 1.4 Transmutations
 + Level 1.4 Fire Magic
 + Level 1.4 Ice Magic
 + Level 1.4 Air Magic
 + Level 1.4 Earth Magic
 + Level 1.4 Poison Magic


You knew the following spells:

 Your Spells              Type           Power      Damage    Failure   Level
a - Sandblast             Erth           8%         2d5       36%         1
Your spell library was empty.

Dungeon Overview and Level Annotations

Branches:
Dungeon (5/15)
 Temple: D:4-7

Altars:


Innate Abilities, Weirdness & Mutations

You are immune to sickness and miasma.
You are immune to poison.
Your flesh is very heat resistant. (rF++)
You are vulnerable to cold. (rC-)
You float through the air rather than walking.
You learn spells naturally, not from books.
Your magical power is your life essence.
You have superior vitality. (+4 MHP)


Message History

Your Transmutations skill increases to level 1!
Your Fire Magic skill increases to level 1!
Your Ice Magic skill increases to level 1!
Your Air Magic skill increases to level 1!
Your Earth Magic skill increases to level 1!
Your Poison Magic skill increases to level 1!
You have reached level 2!
You have reached level 3!
Your experience leads to an increase in your attributes!
Increase (S)trength, (I)ntelligence, or (D)exterity?
You feel clever. x2
The power to cast Sandblast wells up from within.
Spell assigned to 'a'.
You start resting.
An ufetubus is nearby!
Casting: Sandblast (safe; 36% risk of failure)
Confirm with . or Enter, or press ? or * to list all spells.
You don't know that spell.
Casting: Sandblast (safe; 36% risk of failure)
Confirm with . or Enter, or press ? or * to list all spells.
Aiming: Sandblast (safe; 36% risk of failure)
Press: ? - help, Shift-Dir - straight line, f - ufetubus
Aim: an ufetubus (68% to hit)
You miscast Sandblast.
You are very lightly contaminated with residual magic.
Nothing appears to happen.
You closely miss the ufetubus. The ufetubus hits you. x2
* * * LOW HITPOINT WARNING * * *
The ufetubus hits you but does no damage.
The ufetubus hits you.
* * * LOW HITPOINT WARNING * * *
You miss the ufetubus.
The ufetubus hits you but does no damage.
The ufetubus hits you.
* * * LOW HITPOINT WARNING * * *
The ufetubus closely misses you. The ufetubus barely misses you.
You hit the ufetubus.
The ufetubus is heavily wounded.
The ufetubus hits you.
You die...

#+# #. .#.5 #.# .. ..#.
#.# ... ...## ##.##
##...#...#. ##...##
#.#.#.#.#.#
#.....####.#.#.#.#.#
#.......#.#.#.#.#.#
##5#.###...#)..#...
#@#.# #...#.>.#...
...........##...#...#...
#.#####.#.####.#.#.#.#.#
#.### #.#.#.#.#.# #.#
#.#.#.#.#.# #.#
##...#...#. #.#
#...#...## #.#
#...#...#. #..#.#.#.#..


You could see an ufetubus.

Vanquished Creatures
  A howler monkey (D:5)
  An ufetubus (D:5)
2 creatures vanquished.

Notes
Turn   | Place    | Note
-------+----------+-------------------------------------------
     0 | D:5      | cforsyth the Djinni Delver began the quest for the Orb.
     0 | D:5      | Reached XP level 1. HP: 20/20 MP: 0/0
    33 | D:5      | Noticed a black bear
   177 | D:5      | Noticed a hound
   183 | D:5      | Noticed a jelly
   204 | D:5      | Noticed a howler monkey
   213 | D:5      | Killed a howler monkey
   214 | D:5      | Reached skill level 1 in Spellcasting
   214 | D:5      | Reached skill level 1 in Conjurations
   214 | D:5      | Reached skill level 1 in Hexes
   214 | D:5      | Reached skill level 1 in Summonings
   214 | D:5      | Reached skill level 1 in Necromancy
   214 | D:5      | Reached skill level 1 in Translocations
   214 | D:5      | Reached skill level 1 in Transmutations
   214 | D:5      | Reached skill level 1 in Fire Magic
   214 | D:5      | Reached skill level 1 in Ice Magic
   214 | D:5      | Reached skill level 1 in Air Magic
   214 | D:5      | Reached skill level 1 in Earth Magic
   214 | D:5      | Reached skill level 1 in Poison Magic
   214 | D:5      | Reached XP level 2. HP: 11/26 MP: 0/0
   214 | D:5      | Reached XP level 3. HP: 13/31 MP: 0/0
   214 | D:5      | Learned a level 1 spell: Sandblast
   227 | D:5      | HP: 1/31 [ufetubus (4)]
   228 | D:5      | Slain by an ufetubus

Illustrated notes

Levels and vault maps discovered:
D:5:      nicolae_BIG_FREAKIN_CUBE, layout_loops_corners, temple_hall,
          uniq_grinder, uniq_menkaure

Skill      XL: |  1 |
---------------+----+-----
Spellcasting   | 1 |  1.4
Conjurations   | 1 |  1.4
Hexes          | 1 |  1.4
Summonings     | 1 |  1.4
Necromancy     | 1 |  1.4
Translocations | 1 |  1.4
Transmutations | 1 |  1.4
Fire Magic     | 1 |  1.4
Ice Magic      | 1 |  1.4
Air Magic      | 1 |  1.4
Earth Magic    | 1 |  1.4
Poison Magic   | 1 |  1.4
Fighting       | |  3.7
Long Blades    | |  1.7
Dodging        | |  2.1
Stealth        | |  4.1

Action                     || total
---------------------------++-------
  Melee: Falchion          ||    13
 Armour: Ring mail         ||    17
  Dodge: Dodged            ||     7

Table legend: (Time is in decaauts)
 A = Elapsed time spent in this place.
 B = Non-inter-level travel time spent in this place.
 C = Inter-level travel time spent in this place.
 D = Time resting spent in this place.
 E = Time spent auto-exploring this place.
 F = Levels seen in this place.
 G = Mean time per level.
                   A        B        C        D        E       F      G
               +--------+--------+--------+--------+--------+-----+--------+
         Total |    230 |    230 |      0 |     12 |    129 |   1 |  230.0 |
       Dungeon |    230 |    230 |      0 |     12 |    129 |   1 |  230.0 |
               +--------+--------+--------+--------+--------+-----+--------+

Top non-repeatable levels by time:
     D:5: 230 daAuts
